AoeStats
← rich_jess

Arena

510259113Analyzed
2v2 RM · 12h ago on Sep 30, 2026· 46m 15s· 4 players
Game mode
Random Map
Map size
Medium (4 player)
Population
200
Speed
Normal
Resources
Standard
Victory
Conquest
Starting age
Dark Age
Ending age
Imperial Age
RankedLock teamsTeams togetherTeam positionsShared explorationLock speedFull tech treeHidden civsTurbo modeCheats
Victory
Defeat
🇩🇪 Khmer · Germany
815
+17
🇦🇺 Goths · Australia
789
+18
🇺🇸 Magyars · United States
836
-18
🇺🇸 Georgians · United States
820
-17
rich_jess
0:34 Loom
14:49 Feudal Age
17:55 Gold Mining
17:57 Stone Mining
17:50 Horse Collar
18:14 Double-Bit Axe
22:08 Man-at-Arms
23:43 Forging
23:33 Scale Mail Armor
23:34 Padded Archer Armor
23:25 Fletching
25:49 Castle Age
26:35 Long Swordsman
26:36 Pikeman
27:17 Squires
27:42 Chain Mail Armor
28:03 Iron Casting
27:25 Bodkin Arrow
27:45 Leather Archer Armor
28:10 Town Watch
30:48 Wheelbarrow
34:15 Bow Saw
34:19 Heavy Plow
34:24 Town Patrol
35:26 Leather Archer Armor
36:20 Hand Cart
37:06 Stone Shaft Mining
36:55 Ballistics
39:34 Treadmill Crane
39:51 Murder Holes
40:03 Caravan
41:48 Anarchy
44:21 Imperial Age
44:26 Two-Handed Swordsman
44:31 Elite Huskarl
45:34 Conscription
46:21 Blast Furnace
46:30 Two-Man Saw
46:04 Crop Rotation
45:15 Champion
46:23 Perfusion
47:30 Chemistry
Vergöllst!
10:11 Feudal Age
10:54 Double-Bit Axe
12:18 Horse Collar
17:20 Castle Age
18:23 Bow Saw
18:16 Heavy Plow
21:42 Ballistics
27:33 Imperial Age
27:45 Wheelbarrow
29:09 Bloodlines
30:27 Chemistry
30:57 Fletching
31:18 Forging
31:14 Scale Barding Armor
31:17 Elite Skirmisher
32:05 Murder Holes
33:44 Hand Cart
35:11 Double Crossbow
35:16 Town Watch
35:08 Pikeman
36:38 Scale Mail Armor
36:34 Bodkin Arrow
36:30 Halberdier
38:40 Elite Ballista Elephant
39:04 Elite Ballista Elephant
40:56 Chain Mail Armor
41:16 Iron Casting
im just gettin lucky
12:08 Feudal Age
17:11 Castle Age
16:03 Double-Bit Axe
16:28 Horse Collar
18:55 Bow Saw
26:17 Stone Mining
26:20 Gold Mining
29:02 Wheelbarrow
32:15 Imperial Age
29:50 Padded Archer Armor
31:32 Fletching
31:13 Light Cavalry
32:11 Thumb Ring
32:46 Husbandry
32:57 Bloodlines
32:56 Bodkin Arrow
33:17 Leather Archer Armor
33:29 Conscription
34:03 Gold Shaft Mining
33:49 Hand Cart
33:15 Hussar
35:01 Scale Barding Armor
37:04 Parthian Tactics
36:06 Heavy Cavalry Archer
Husky
12:02 Feudal Age
12:23 Horse Collar
13:31 Double-Bit Axe
13:44 Gold Mining
17:43 Man-at-Arms
25:06 Castle Age
24:08 Scale Barding Armor
24:13 Forging
24:05 Scale Mail Armor
24:47 Man-at-Arms
25:43 Long Swordsman
26:49 Squires
27:04 Heavy Plow
36:38 Imperial Age
34:31 Gambesons
35:26 Iron Casting
35:07 Chain Mail Armor
35:12 Chain Barding Armor
37:37 Wheelbarrow
37:54 Loom
38:41 Hand Cart
39:12 Stone Mining
39:35 Bow Saw
45:26 Elite Monaspa
Connection lost

Rejoining the realm…

Still unreachable

The connection could not be restored.

Session expired

The server has moved on; the page needs a fresh start.